 Dungeon Crawl Stone Soup version bcrawl-1.12.2 (webtiles) character file.

Game seed: 3059339783339201037

56 Ebbett the Magician (level 3, -1/21 HPs)
             Began as a Fairy Wizard on July 23, 2019.
             Slain by a bullfrog skeleton (4 damage)
             ... on level 3 of the Dungeon.
             The game lasted 00:12:40 (2247 turns).

Ebbett the Magician (Fairy Wizard)                  Turns: 2247, Time: 00:12:41

Health: -1/21      AC:  4    Str:  5    XL:     3   Next: 95%
Magic:  1/11       EV: 16    Int: 22    God:
Gold:   77         SH:  4    Dex: 10    Spells: 3/12 levels left

rFire    . . .     SeeInvis .   a - +0 staff
rCold    . . .     Gourm    .   (shield currently unavailable)
rNeg     . . .     Faith    .   (armour unavailable)
rPois    .         Spirit   .   b - +0 hat
rElec    .         Reflect  .   (no cloak)
rCorr    .         Harm     .   (no gloves)
MR       .....                  (no boots)
Stlth    +.........             k - amulet of inaccuracy (curse)
HPRegen  0.07/turn              (no ring)
MPRegen  0.12/turn              (no ring)

@: lethally poisoned (-1 -> -3), flying evasively
A: small, magic attunement, unstealthy, unfitting armour, able to fly, AC/SH +4
a: Stop Flying


You were on level 3 of the Dungeon.
You were not hungry.

You visited 1 branch of the dungeon, and saw 3 of its levels.

You collected 77 gold pieces.

Inventory:

Hand Weapons
 a - a +0 staff (weapon)
Armour
 b - a +0 hat (worn)
Jewellery
 k - a cursed amulet of inaccuracy (around neck)
Scrolls
 c - 2 scrolls of enchant armour {unknown}
 e - 2 scrolls of identify {unknown}
 g - a scroll of amnesia {unknown}
 i - 2 scrolls of remove curse {unknown}
 l - a scroll of enchant weapon {unknown}
 m - a scroll of fog {unknown}
 n - a scroll of immolation {unknown}
Potions
 f - a potion of curing {unknown}
 h - a potion of haste {unknown}
 j - a potion of heal wounds {unknown}
 o - a potion of brilliance {unknown}
 p - a potion of lignification {unknown}
 q - a potion of ambrosia {unknown}
Comestibles
 d - 3 rations {!d}


   Skills:
 + Level 3.1 Dodging
 + Level 1.6 Stealth
 + Level 5.1 Spellcasting
 + Level 1.7 Conjurations
 + Level 1.9 Summonings
 + Level 1.1 Translocations


You had 3 spell levels left.
You knew the following spells:

 Your Spells              Type           Power        Failure   Level  Hunger
a - Magic Dart            Conj           ##..         4%          1    None
b - Blink                 Tloc           N/A          10%         2    None
c - Call Imp              Summ           ##......     7%          2    None
d - Mephitic Cloud        Conj/Pois/Air  #.......     24%         3    None
e - Slow                  Hex            #.......     10%         1    None

Your spell library contained the following spells:

 Spells                   Type           Power        Failure   Level  Hunger
 Conjure Flame            Conj/Fire      #.......     21%         3    None


Dungeon Overview and Level Annotations

Branches:
Dungeon (3/12)

Altars:
Ru


Innate Abilities, Weirdness & Mutations

Your spells do not cause hunger and MP costs are reduced by 1.
Your bright wings attract enemies. (Stealth-)
You cannot fit into any form of body armour.
Your shimmering scales are hard and can block incoming attacks. (AC +4, SH +4)
You are small and have problems with some larger weapons.
You can fly continuously.


Message History

You feel sick.
The hobgoblin shouts!
Your crimson imp blinks!
Casting: Blink (safe; 10% risk of failure)
Confirm with . or Enter, or press ? or * to list all spells.
You blink.
The goblin closely misses you. The goblin hits you but does no damage.
* * * LOW HITPOINT WARNING * * *
You feel sick.
Casting: Blink (safe; 10% risk of failure)
Confirm with . or Enter, or press ? or * to list all spells.
A beastly little devil appears in a puff of frigid air.
The bullfrog skeleton misses you.
Your iron imp hits the adder.
The goblin completely misses you.
Casting: Call Imp (safe; 7% risk of failure)
Confirm with . or Enter, or press ? or * to list all spells.
A beastly little devil appears in a puff of flame.
The bullfrog skeleton completely misses you.
The hobgoblin misses you. The bullfrog skeleton hits you.
You die...

#######...........w..
......#.w5#######....
......#...## ....
........5..# ...
...........#
.........S.#
.......5.g.#
........gZ.#
##......g@.#
#.....5...#
#.........#
#.........#
#.........#
#.........#
###########


You could see a worm, an adder, 2 hobgoblins, a goblin, a bullfrog skeleton, a
friendly iron imp, 2 friendly crimson imps and a friendly white imp.

Vanquished Creatures
  A dart slug (D:1)
  A leopard gecko (D:1)
  2 giant cockroaches (D:1)
  A goblin (D:1)
  A ball python (D:1)
  2 bats (D:1)
  A frilled lizard (D:1)
  4 kobolds (D:1)
  2 rats (D:1)
  A plant (D:1)
16 creatures vanquished.

Vanquished Creatures (collateral kills)
  An adder (D:3)
  An ooze (D:3)
  2 dart slugs (D:2)
  A leopard gecko (D:2)
  4 orcs
  5 bats
  A giant cockroach (D:1)
  2 goblins (D:1)
  11 hobgoblins
  4 jackals (D:1)
  2 kobolds (D:2)
  4 rats
38 creatures vanquished.

Vanquished Creatures (others)
  2 plants (D:1)
2 creatures vanquished.

Grand Total: 56 creatures vanquished

Notes
Turn   | Place    | Note
-------+----------+-------------------------------------------
     0 | D:1      | Ebbett the Fairy Wizard began the quest for the Orb.
     0 | D:1      | Reached XP level 1. HP: 11/11 MP: 7/7
   222 | D:1      | Reached XP level 2. HP: 16/17 MP: 9/9
   290 | D:1      | Learned a level 2 spell: Blink
   359 | D:1      | Learned a level 2 spell: Call Imp
   936 | D:1      | Reached XP level 3. HP: 14/21 MP: 7/11
  1555 | D:2      | Reached skill level 5 in Spellcasting
  1898 | D:2      | Found a sacrificial altar of Ru.
  2147 | D:3      | Learned a level 3 spell: Mephitic Cloud
  2161 | D:3      | Learned a level 1 spell: Slow
  2247 | D:3      | Slain by a bullfrog skeleton

Skill      XL: |  1  2  3 |
---------------+----------+-----
Dodging        | 3 |  3.1
Spellcasting   | 5 |  5.1
Stealth        | |  1.6
Conjurations   | |  1.7
Summonings     | |  1.9
Translocations | |  1.1

Action                   || total
-------------------------++-------
Melee: Staff             ||   156
 Cast: Magic Dart        ||    35
       Call Imp          ||    68
       Blink             ||    17
  Eat: Chunk             ||     4
Armor: Skin              ||    18
Dodge: Dodged            ||    88
Block: Other             ||    26
